 Dungeon Crawl Stone Soup version 0.30-a0-918-g0ff054e9dc (webtiles) character file.

Game seed: 1548730299182605219

208 lessens the Magician (level 5, -3/38 HPs)
             Began as a Gnoll Hedge Wizard on Mar 20, 2023.
             Slain by a phantom (6 damage)
             ... on level 3 of the Dungeon.
             The game lasted 00:07:21 (3491 turns).

lessens the Magician (Gnoll Hedge Wizard)           Turns: 3491, Time: 00:07:21

Health: -3/38      AC:  4    Str: 11    XL:     5   Next: 86%
Magic:  0/14       EV: 13    Int: 14    God:
Gold:   95         SH:  0    Dex: 11    Spells: 7/18 levels left

rFire   . . .      SeeInvis .    j - +0 sling
rCold   + . .      Faith    .    (no shield)
rNeg    . . .      Spirit   .    b - +0 robe
rPois   .          Reflect  .    c - +0 hat
rElec   .          Rampage  .    (no cloak)
rCorr   .                        (no gloves)
Will    .....                    (no boots)
Stlth   ++                       (no amulet)
HPRegen 0.26/turn                (no ring)
MPRegen 0.14/turn                (no ring)

@: no status effects
A: fangs 1, strong nose, distributed training, talons 1, iridescent scales 1,
cold resistance 1
a: no special abilities


You were on level 3 of the Dungeon.
You visited 1 branch of the dungeon, and saw 4 of its levels.

You collected 95 gold pieces.

Inventory:

Hand Weapons
 a - a +0 dagger
 j - a +0 sling (weapon)
Missiles
 h - 50 stones
 k - a curare-tipped dart
 n - 13 poisoned darts
 r - a throwing net
Armour
 b - a +0 robe (worn)
 c - a +0 hat (worn)
 t - a +0 pair of gloves
Scrolls
 e - a scroll of magic mapping {unknown}
 f - 4 scrolls of identify {unknown}
 i - a scroll of amnesia {unknown}
 m - a scroll of poison {unknown}
 o - a scroll of blinking {unknown}
 p - 2 scrolls of enchant weapon {unknown}
 q - a scroll of vulnerability {unknown}
 v - a scroll of enchant armour {unknown}
 w - a scroll of noise {unknown}
Potions
 d - a potion of magic
 g - a potion of haste {unknown}
 l - a potion of flight {unknown}
 s - a potion of mutation
 u - a potion of degeneration {unknown}


   Skills:
 + Level 1.7 Fighting
 + Level 1.7 Short Blades
 + Level 1.7 Long Blades
 + Level 1.7 Axes
 + Level 1.7 Maces & Flails
 + Level 1.7 Polearms
 + Level 1.7 Staves
 + Level 1.7 Ranged Weapons
 + Level 1.7 Throwing
 + Level 1.7 Armour
 + Level 4.9 Dodging
 + Level 4.5 Stealth
 + Level 1.7 Shields
 + Level 1.7 Unarmed Combat
 + Level 7.3 Spellcasting
 + Level 2.5 Conjurations
 + Level 1.3 Hexes
 + Level 2.5 Summonings
 + Level 1.3 Necromancy
 + Level 2.5 Translocations
 + Level 1.3 Transmutations
 + Level 1.3 Fire Magic
 + Level 1.3 Ice Magic
 + Level 1.3 Air Magic
 + Level 1.3 Earth Magic
 + Level 1.3 Poison Magic
 + Level 2.0 Invocations
 + Level 1.7 Evocations


You had 7 spell levels left.
You knew the following spells:

 Your Spells              Type           Power      Damage    Failure   Level
a - Magic Dart            Conj           48%        1d5       4%          1
b - Slow                  Hex            36%        N/A       8%          1
c - Call Imp              Summ           12%        N/A       8%          2
d - Cigotuvi's Dreadful   Necr/Pois/Air  18%        N/A       12%         2
e - Mephitic Cloud        Conj/Pois/Air  10%        N/A       21%         3
B - Blink                 Tloc           24%        N/A       8%          2

Your spell library contained the following spells:

 Spells                   Type           Power      Damage    Failure   Level
 Lesser Beckoning         Tloc           24%        N/A       8%          2
 Gell's Gravitas          Tloc           12%        N/A       14%         3
 Teleport Other           Tloc           12%        N/A       14%         3


Dungeon Overview and Level Annotations

Branches:
Dungeon (4/15) Zot: 20392
 Temple: D:4-7

Altars:

Shops:
D:1 ?

Annotations:
D:3 2 transporters, AverageBear's ghost, amateur OpFi
D:4 Menkaure


Innate Abilities, Weirdness & Mutations

You have very sharp teeth.
Your uncanny sense of smell can sniff out nearby items.
Your experience applies equally to all skills.
You have sharp toenails.
You are partially covered in iridescent scales. (AC +2)
Your flesh is cold resistant. (rC+)


Message History

The phantom is severely damaged.
The phantom barely misses you.
Fire: j) +0 sling
Press: ? - help, Q - select action, (/) - cycle Shift-Dir - straight line, f/p - phantom
Aim: a phantom (severely damaged, 35% to hit)
You shoot a sling bullet.
The sling bullet barely misses the phantom.
The phantom barely misses you. The phantom hits you.
Fire: j) +0 sling
Press: ? - help, Q - select action, (/) - cycle Shift-Dir - straight line, f/p - phantom
Aim: a phantom (severely damaged, 35% to hit)
You shoot a sling bullet.
The sling bullet barely misses the phantom.
The phantom closely misses you.
Fire: j) +0 sling
Press: ? - help, Q - select action, (/) - cycle Shift-Dir - straight line, f/p - phantom
Aim: a phantom (severely damaged, 35% to hit)
You shoot a sling bullet.
The sling bullet closely misses the phantom.
The phantom hits you.
* * * LOW HITPOINT WARNING * * *
The phantom blinks!
You blink.
Casting: Magic Dart (safe; 4% risk of failure)
Confirm with . or Enter, or press ? or * to list all spells.
Aiming: Magic Dart (safe; 4% risk of failure)
Press: ? - help, Shift-Dir - straight line, f/p - phantom
Aim: a phantom (severely damaged, 100% to hit)
The magic dart hits the phantom but does no damage.
The phantom is severely damaged.
The phantom hits you!
* * * LOW HITPOINT WARNING * * *
The phantom blinks!
You blink.
It was a potion of mutation.
You feel extremely strange.
Your toenails lengthen and sharpen.
You feel resistant to cold.
Iridescent scales grow over part of your body.
The phantom barely misses you.
Okay, then.
You aren't carrying any items that you can evoke.
The phantom attacks as you move away! The phantom hits you.
You die...

#.# #.......## #.#
#.......## #.# #>........
####§####....>..##
#....§..#......<#
#.##>##.##.#.##.##
#.##.##)##.#.....# ###
#.##.##.##.####... ..#
####### #@##.##.##.####...
#.# #.....#
#.W.....##....[... #.#
#.###.######.#####.)......
..######.#......#
#..............
...........#.##.#
#######.#.##...
#.######.....##.#
###.###.. ..# ########.##
##.####. #.# #...### #...#
#. #.# #.....# #...# #.


You could see a phantom.

Vanquished Creatures
  2 adders (D:3)
  A worm (D:2)
  A dart slug (D:2)
  2 orcs
  10 bats
  8 endoplasms
  3 giant cockroaches
  6 goblins
  8 hobgoblins
  2 jackals (D:3)
  7 kobolds
  5 quokkas
  8 ball pythons
  3 frilled lizards
  7 rats
73 creatures vanquished.

Vanquished Creatures (collateral kills)
  A kobold brigand (D:3)
  A sleepcap (D:3)
  A worm (D:2)
  An orc (D:3)
4 creatures vanquished.

Grand Total: 77 creatures vanquished

Notes
Turn   | Place    | Note
-------+----------+-------------------------------------------
     0 | D:1      | lessens the Gnoll Hedge Wizard began the quest for the Orb.
     0 | D:1      | Reached XP level 1. HP: 13/13 MP: 8/8
     2 | D:1      | Learned a level 1 spell: Slow
   226 | D:1      | Reached XP level 2. HP: 19/19 MP: 5/10
   278 | D:1      | Learned a level 2 spell: Call Imp
   281 | D:1      | Learned a level 2 spell: Cigotuvi's Dreadful Rot
   729 | D:1      | Learned a level 2 spell: Blink
   761 | D:1      | Reached XP level 3. HP: 25/25 MP: 9/11
   972 | D:1      | Found Rylluore's Magic Scroll Boutique.
   997 | D:1      | Reached skill level 1 in Invocations
  1236 | D:2      | Reached skill level 1 in Fighting
  1236 | D:2      | Reached skill level 1 in Short Blades
  1236 | D:2      | Reached skill level 1 in Long Blades
  1236 | D:2      | Reached skill level 1 in Axes
  1236 | D:2      | Reached skill level 1 in Maces & Flails
  1236 | D:2      | Reached skill level 1 in Polearms
  1236 | D:2      | Reached skill level 1 in Staves
  1236 | D:2      | Reached skill level 1 in Ranged Weapons
  1236 | D:2      | Reached skill level 1 in Throwing
  1236 | D:2      | Reached skill level 1 in Armour
  1236 | D:2      | Reached skill level 1 in Shields
  1236 | D:2      | Reached skill level 1 in Unarmed Combat
  1236 | D:2      | Reached skill level 1 in Evocations
  1242 | D:2      | Learned a level 3 spell: Mephitic Cloud
  1637 | D:2      | Reached XP level 4. HP: 23/29 MP: 13/13
  2347 | D:3      | Found a transporter.
  2347 | D:3      | Noticed an ogre
  2348 | D:3      | Noticed AverageBear's ghost (amateur OpFi)
  2349 | D:3      | Found a transporter.
  2350 | D:3      | Identified the +5 dire flail of the Reasonable God {freeze,
                  | Dex+2}
  2350 | D:3      | Noticed an ogre
  2450 | D:3      | Reached skill level 1 in Hexes
  2450 | D:3      | Reached skill level 1 in Necromancy
  2450 | D:3      | Reached skill level 1 in Transmutations
  2450 | D:3      | Reached skill level 1 in Fire Magic
  2450 | D:3      | Reached skill level 1 in Ice Magic
  2450 | D:3      | Reached skill level 1 in Air Magic
  2450 | D:3      | Reached skill level 1 in Earth Magic
  2450 | D:3      | Reached skill level 1 in Poison Magic
  2461 | D:3      | Noticed a kobold brigand
  3207 | D:3      | Killed a kobold brigand
  3208 | D:3      | Reached XP level 5. HP: 35/37 MP: 6/14
  3224 | D:4      | Noticed Menkaure
  3228 | D:4      | Noticed a phantom
  3490 | D:3      | Gained mutation: You have sharp toenails. [potion of
                  | mutation]
  3490 | D:3      | Gained mutation: Your flesh is cold resistant. (rC+)
                  | [potion of mutation]
  3490 | D:3      | Gained mutation: You are partially covered in iridescent
                  | scales. (AC +2) [potion of mutation]
  3491 | D:3      | Slain by a phantom

Illustrated notes

Levels and vault maps discovered:
D:1:      dpeg_arrival_morbid_curiosity, layout_rooms, serial_shops, shop
D:2:      wander_river, layout_basic, hangedman_decor_lopped
D:3:      layout_loops_cross, gammafunk_ghost_smash, roderic_roman_lattice
D:4:      layout_cave_pools, minmay_quadrilaterals, uniq_menkaure

Skill      XL: |  1  2  3  4  5 |
---------------+----------------+-----
Conjurations   | 2 |  2.5
Summonings     | 2 |  2.5
Translocations | 2 |  2.5
Invocations    | 1 2 |  2.0
Fighting       | 1 |  1.7
Short Blades   | 1 |  1.7
Long Blades    | 1 |  1.7
Axes           | 1 |  1.7
Maces & Flails | 1 |  1.7
Polearms       | 1 |  1.7
Staves         | 1 |  1.7
Ranged Weapons | 1 |  1.7
Throwing       | 1 |  1.7
Armour         | 1 |  1.7
Shields        | 1 |  1.7
Unarmed Combat | 1 |  1.7
Evocations     | 1 |  1.7
Hexes          | 1 |  1.3
Necromancy     | 1 |  1.3
Transmutations | 1 |  1.3
Fire Magic     | 1 |  1.3
Ice Magic      | 1 |  1.3
Air Magic      | 1 |  1.3
Earth Magic    | 1 |  1.3
Poison Magic   | 1 |  1.3
Dodging        | |  4.9
Stealth        | |  4.5
Spellcasting   | |  7.3

Action                     |  1- 3 |  4- 6 || total
---------------------------+-------+-------++-------
  Melee: Dagger            |     2 |       ||     2
   Fire: Sling             |   116 |   120 ||   236
   Cast: Magic Dart        |    52 |    34 ||    86
         Slow              |     5 |       ||     5
         Call Imp          |     1 |     6 ||     7
         Cigotuvi's Dreadf |     1 |       ||     1
         Mephitic Cloud    |       |     3 ||     3
    Use: Potion            |       |     4 ||     4
 Armour: Robe              |    17 |    15 ||    32
  Dodge: Dodged            |    67 |    81 ||   148

Table legend: (Time is in decaauts)
 A = Elapsed time spent in this place.
 B = Non-inter-level travel time spent in this place.
 C = Inter-level travel time spent in this place.
 D = Time resting spent in this place.
 E = Time spent auto-exploring this place.
 F = Levels seen in this place.
 G = Mean time per level.
                   A        B        C        D        E       F      G
               +--------+--------+--------+--------+--------+-----+--------+
         Total |   3608 |   3466 |    142 |    114 |   2608 |   4 |  902.0 |
       Dungeon |   3608 |   3466 |    142 |    114 |   2608 |   4 |  902.0 |
               +--------+--------+--------+--------+--------+-----+--------+

Top non-repeatable levels by time:
     D:1: 1214 daAuts
     D:3: 1183 daAuts
     D:2: 1116 daAuts
     D:4: 94 daAuts
